 Dungeon Crawl Stone Soup version 0.19.5 (webtiles) character file.

99 ghjk the Covered (level 4, -2/41 HPs)
             Began as a Minotaur Fighter on Apr 24, 2017.
             Slain by a gnoll
             ... wielding a +0 spear
              (7 damage)
             ... on level 2 of the Dungeon.
             The game lasted 00:02:00 (1402 turns).

ghjk the Covered (Minotaur Fighter)                 Turns: 1402, Time: 00:02:01

Health: -2/41      AC: 12    Str: 21    XL:     4   Next: 45%
Magic:  3/3        EV:  4    Int:  0    God:
Gold:   93         SH:  9    Dex: 10    Spells: 0 memorised, 3 levels left

rFire  . . .     SeeInvis .     a - +0 war axe
rCold  . . .     Gourm    .     k - +0 plate armour
rNeg   . . .     Faith    +     c - +0 shield
rPois  .         Spirit   .     (helmet restricted)
rElec  .         Reflect  .     (no cloak)
rCorr  .         Harm     .     (no gloves)
MR     .....                    (no boots)
Stlth  ..........               j - amulet of faith
                                o - -5 ring of intelligence (curse)
                                h - ring of wizardry

@: slowed, lost intelligence, very slow
A: retaliatory headbutt, horns 2
a: no special abilities


You were on level 2 of the Dungeon.
You were not hungry.

You visited 1 branch of the dungeon, and saw 2 of its levels.

You collected 93 gold pieces.

Inventory:

Hand Weapons
 a - a +0 war axe (weapon)
Armour
 b - a +1 scale mail
 c - a +0 shield (worn)
 k - a +0 plate armour (worn)
Jewellery
 h - a ring of wizardry (left hand)
 j - an amulet of faith (around neck)
 o - a cursed -5 ring of intelligence (right hand)
Scrolls
 e - a scroll of enchant armour
 m - 2 scrolls of amnesia
Potions
 d - a potion of might
 g - 2 potions of lignification {unknown}
 i - 3 potions of flight {unknown}
 l - a potion of curing {unknown}
 q - 2 potions of ambrosia
Comestibles
 f - a bread ration
 n - a meat ration


   Skills:
 + Level 4.3 Fighting
 + Level 4.2 Axes
 + Level 4.6 Armour
 - Level 3.6 Shields


You had 3 spell levels left.
You didn't know any spells.

Dungeon Overview and Level Annotations

Branches:
Dungeon (2/15)

Altars:


Innate Abilities, Weirdness & Mutations

You reflexively headbutt those who attack you in melee.
You have a pair of horns on your head.


Message History

You are too injured to fight recklessly!
Unknown command.
You are too injured to fight recklessly!
Unknown command.
You are too injured to fight recklessly!
Unknown command.
You closely miss the gnoll.
Your plate armour prevents you from hitting the gnoll.
The gnoll hits you but does no damage. You block the gnoll's attack.
The gnoll hits you with a spear.
* * * LOW HITPOINT WARNING * * *
The gnoll hits you with a spear.
* * * LOW HITPOINT WARNING * * *
You closely miss the gnoll. You headbutt the gnoll.
The gnoll is heavily wounded.
Your plate armour prevents you from hitting the gnoll.
The gnoll hits you but does no damage. You block the gnoll's attack.
The gnoll completely misses you. You furiously retaliate!
You headbutt the gnoll! The gnoll hits you with a spear!
You die...

.......#.#...#.#......#....######
....#...#.....#...#.........#
#....#..#.....#(.#..........#
..#...###.....###...#.......#
...#..#..#...#..#..#........#
....###...#.#...###.........#
...#...#...#...#...#........#
..#.....#..#..#.....#.#'#####
.........#####..@g......#
#.#.....#..#..#..g..#...#
...#...#...#...#...#..#.#
#...###...#.#...###.....# #
#..#..#..#...#..#..#..).#########
#.#...###.....###...#............
.....#..#.....#..#....#.#######..
....#...#.....#...#...#.# #..
.......#.#...#.#......#.# #.#


You could see 2 gnolls.

Vanquished Creatures
  Terence (D:2)
  A gnoll (D:2)
  3 adders (D:2)
  A worm (D:2)
  4 dart slugs
  A leopard gecko (D:1)
  A bat (D:1)
  2 giant cockroaches
  4 goblins
  2 hobgoblins (D:1)
  2 quokkas (D:2)
  3 frilled lizards
  3 kobolds
  4 rats
32 creatures vanquished.

Notes
Turn   | Place    | Note
-------+----------+-------------------------------------------
     0 | D:1      | ghjk the Minotaur Fighter began the quest for the Orb.
     0 | D:1      | Reached XP level 1. HP: 19/19 MP: 0/0
   488 | D:1      | Reached XP level 2. HP: 13/27 MP: 1/1
   642 | D:1      | Lost intelligence.
  1117 | D:2      | Reached XP level 3. HP: 33/33 MP: 2/2
  1184 | D:2      | Noticed Terence
  1192 | D:2      | Killed Terence
  1245 | D:2      | Reached XP level 4. HP: 40/40 MP: 3/3
  1402 | D:2      | Slain by a gnoll

Skill      XL: |  1  2  3  4 |
---------------+-------------+-----
Armour         | 4 |  4.6
Fighting       | 4 |  4.3
Axes           | 3 4 |  4.2
Shields        | |  3.6

Action                   |  1- 3 |  4- 6 || total
-------------------------+-------+-------++-------
Melee: War axe           |    59 |    35 ||    94
       Headbutt          |     4 |     5 ||     9
  Use: Scroll            |     4 |     1 ||     5
  Eat: Chunk             |     1 |     2 ||     3
Armor: Plate armour      |    44 |    46 ||    90
       Scale mail        |     4 |       ||     4
Dodge: Dodged            |    16 |    16 ||    32
Block: Shield            |    26 |    42 ||    68
